 Dungeon Crawl Stone Soup version 0.23.2-40-g277498a001 (webtiles) character file.

Game seed: 11062121118989522209

1317 Exodus22XD the Cudgeler (level 8, -3/60 HPs)
             Began as a Demonspawn Fighter on Sept 6, 2019.
             Killed from afar by Ijyb (22 damage)
             ... with a wand of acid (2)
             ... on level 5 of the Dungeon.
             The game lasted 00:13:59 (4295 turns).

Exodus22XD the Cudgeler (Demonspawn Fighter)        Turns: 4295, Time: 00:14:00

Health: -3/60      AC:  4    Str: 20    XL:     8   Next: 33%
Magic:  8/8        EV: 15    Int: 10    God:
Gold:   201        SH: 10    Dex: 18    Spells: 7/7 levels left

rFire    . . .     SeeInvis .   a - +0 flail
rCold    . . .     Gourm    .   c - +0 shield
rNeg     . . .     Faith    +   b - +0 scale mail
rPois    .         Spirit   .   (helmet restricted)
rElec    .         Reflect  .   x - +0 cloak
rCorr    .         Harm     .   (no gloves)
MR       .....     Clarity  +   k - +1 pair of boots
Stlth    ++........             i - amulet of faith
HPRegen  0.20/turn              (no ring)
MPRegen  0.11/turn              (no ring)

@: agile, corroded, drained
A: horns 1, slimy green scales 1, clarity, nightstalker 1, powered by pain 1,
strong 1
a: no special abilities


You were on level 5 of the Dungeon.
You were not hungry.

You visited 1 branch of the dungeon, and saw 5 of its levels.

You collected 201 gold pieces.

Inventory:

Hand Weapons
 a - a +0 flail (weapon)
 r - a +4 quarterstaff of chaos
 u - a +0 whip of freezing
Armour
 b - a +0 scale mail (worn)
 c - a +0 shield (worn)
 k - a +1 pair of boots (worn)
 x - a +0 cloak (worn)
Jewellery
 i - an amulet of faith (around neck)
 l - an uncursed amulet of the acrobat {unknown}
Wands
 s - a wand of random effects (24)
Scrolls
 h - 2 scrolls of identify {unknown}
 j - 2 scrolls of remove curse {unknown}
 m - a scroll of amnesia {unknown}
 o - a scroll of teleportation {unknown}
 v - 2 scrolls of immolation {unknown}
Potions
 d - 3 potions of might
 e - a potion of invisibility
 g - a potion of brilliance {unknown}
 n - 2 potions of degeneration {unknown}
 p - 2 potions of mutation
 q - 2 potions of lignification {unknown}
 t - a potion of agility {unknown}
 w - a potion of flight {unknown}
 z - a potion of ambrosia {unknown}
Comestibles
 f - 5 rations


   Skills:
 + Level 4.3(3.6) Fighting
 + Level 5.4(4.7) Maces & Flails
 + Level 4.5(3.9) Armour
 * Level 4.0(3.4) Dodging
 + Level 5.1(4.4) Shields


You had 7 spell levels left.
You didn't know any spells.
Your spell library contained the following spells:

 Spells                   Type           Power        Failure   Level  Hunger
 Magic Dart               Conj           #...         99%         1    ##.....
 Blink                    Tloc           N/A          99%         2    ###....
 Call Imp                 Summ           #.......     99%         2    ###....
 Slow                     Hex            #.......     99%         2    ###....
 Conjure Flame            Conj/Fire      #.......     100%        3    ####...
 Mephitic Cloud           Conj/Pois/Air  #.......     100%        3    ####...


Dungeon Overview and Level Annotations

Branches:
Dungeon (5/15)
 Temple: D:4-7

Altars:
Cheibriados
Elyvilon
Nemelex Xobeh
Ru
Xom

Shops:
D:4 =

Annotations:
D:3 2 runed translucent doors, mrkaede's ghost, amateur GnGl
D:5 Ijyb


Innate Abilities, Weirdness & Mutations

You have a pair of small horns on your head.
You are partially covered in slimy green scales. (AC +2)
You are slightly more attuned to the shadows.
You sometimes gain a little power by taking damage.
You possess an exceptional clarity of mind.
Your muscles are strong. (Str +2)


Message History

You hit Ijyb.
Ijyb is heavily wounded.
Ijyb zaps a wand.
The bolt of acid hits you but does no damage.
The acid corrodes you!
You are splashed with acid!
* * * LOW HITPOINT WARNING * * *
You hit Ijyb. Your headbutt misses Ijyb.
Ijyb is heavily wounded.
Ijyb zaps a wand.
The bolt of acid misses you.
Ijyb zaps a wand.
The bolt of acid misses you. Ijyb screams, "Me kill you!"
Ijyb screams, "No!
No, no, no, no!"
There is a stone staircase leading down here.
You closely miss Ijyb.
Ijyb is heavily wounded.
Ijyb hits you but does no damage.
You feel drained.
You sock Ijyb!
Ijyb is almost dead.
Ijyb zaps a wand.
The bolt of acid hits you!!
You die...

#..# #..## ##..#
#..# #..# #..#
##.## ###..g###
###...#@..###
###....####...###
###....###
#.#...###
###....###
#.......##
###....###
#........#
##....###
#......###
#....## #......##
...### #.......#
.### ##......#


You could see Ijyb.

Vanquished Creatures
  Pikel (D:4)
  Eustachio (D:4)
  3 ogres (D:4)
  A water moccasin zombie (D:4)
  A crimson imp (D:3)
  A hound (D:5)
  Crazy Yiuf (D:4)
  Jessica (D:2)
  Terence (D:2)
  5 orc wizards
  Natasha (thrice) (D:4)
  A hound skeleton (D:5)
  Robin (D:2)
  6 adders
  A gnoll (D:1)
  2 worms (D:2)
  2 dart slugs
  3 leopard geckos
  6 orcs
  A ball python (D:2)
  4 bats
  4 giant cockroaches
  3 goblins
  5 hobgoblins
  4 jackals (D:3)
  A quokka (D:4)
  4 frilled lizards
  3 kobolds
  6 rats
76 creatures vanquished.

Vanquished Creatures (others)
  A slave (D:4)
  An orc (D:3)
  A quokka (D:3)
3 creatures vanquished.

Grand Total: 79 creatures vanquished

Notes
Turn   | Place    | Note
-------+----------+-------------------------------------------
     0 | D:1      | Exodus22XD the Demonspawn Fighter began the quest for the
                  | Orb.
     0 | D:1      | Reached XP level 1. HP: 18/18 MP: 1/1
   199 | D:1      | Gained mutation: You sometimes gain a little power by
                  | taking damage. [demonic ancestry]
   199 | D:1      | Reached XP level 2. HP: 20/24 MP: 2/2
   662 | D:2      | Reached XP level 3. HP: 29/29 MP: 3/3
   697 | D:2      | Reached skill level 1 in Dodging
   748 | D:2      | Noticed Jessica
   748 | D:2      | Noticed Terence
   789 | D:2      | Killed Terence
   790 | D:2      | Killed Jessica
   790 | D:2      | Gained mutation: You are slightly more attuned to the
                  | shadows. [demonic ancestry]
   790 | D:2      | Reached XP level 4. HP: 35/35 MP: 4/4
   797 | D:2      | Noticed Robin
   805 | D:2      | Killed Robin
  1072 | D:1      | HP: 1/35 [gnoll (3)]
  1073 | D:1      | Gained mutation: Your muscles are strong. (Str +2) [potion
                  | of mutation]
  1073 | D:1      | Gained mutation: You possess an exceptional clarity of
                  | mind. [potion of mutation]
  1745 | D:3      | Found a runed translucent door.
  1746 | D:3      | Noticed mrkaede's ghost (amateur GnGl)
  1791 | D:3      | Found a white marble altar of Elyvilon.
  1940 | D:3      | Found a runed translucent door.
  2001 | D:3      | Gained mutation: You have a pair of small horns on your
                  | head. [demonic ancestry]
  2001 | D:3      | Reached XP level 5. HP: 40/41 MP: 5/5
  2278 | D:4      | Noticed an ogre
  2284 | D:4      | Killed an ogre
  2303 | D:4      | Found a sparkling altar of Nemelex Xobeh.
  2307 | D:4      | Noticed Natasha
  2315 | D:4      | Killed Natasha
  2315 | D:4      | Gained mutation: You are partially covered in slimy green
                  | scales. (AC +2) [demonic ancestry]
  2315 | D:4      | Reached XP level 6. HP: 29/47 MP: 6/6
  2454 | D:4      | Noticed Pikel
  2454 | D:4      | Noticed a slave
  2455 | D:4      | Noticed a slave
  2455 | D:4      | Noticed a slave
  2456 | D:4      | Noticed a slave
  2489 | D:4      | Killed Pikel
  2489 | D:4      | Reached XP level 7. HP: 26/53 MP: 7/7
  2504 | D:4      | Noticed Natasha
  2513 | D:4      | Killed Natasha
  2519 | D:4      | Found a sacrificial altar of Ru.
  2678 | D:4      | Noticed Natasha
  2686 | D:4      | Killed Natasha
  2691 | D:4      | Noticed Eustachio
  3017 | D:4      | Killed Eustachio
  3155 | D:4      | Found Hatoh's Jewellery Emporium.
  3433 | D:4      | Reached XP level 8. HP: 34/60 MP: 8/8
  3436 | D:4      | Reached skill level 5 in Maces & Flails
  3698 | D:4      | Found a runed translucent door.
  3699 | D:4      | Noticed Crazy Yiuf
  3708 | D:4      | Killed Crazy Yiuf
  3842 | D:5      | Entered Level 5 of the Dungeon
  3966 | D:5      | Reached skill level 5 in Shields
  4218 | D:5      | Found a shimmering altar of Xom.
  4218 | D:5      | Found a snail-covered altar of Cheibriados.
  4273 | D:5      | Noticed Ijyb
  4295 | D:5      | Killed from afar by Ijyb

Skill      XL: |  1  2  3  4  5  6  7  8 |
---------------+-------------------------+-----
Maces & Flails | 2 3 4 5 |  5.4
Shields        | 3 4 5 |  5.1
Dodging        | 1 2 3 4 |  4.0
Armour         | 3 4 |  4.5
Fighting       | 4 |  4.3

Action                   |  1- 3 |  4- 6 |  7- 9 || total
-------------------------+-------+-------+-------++-------
Melee: Flail             |    80 |   145 |    94 ||   319
       Headbutt          |       |     4 |    31 ||    35
       Whip              |       |       |    72 ||    72
  Use: Potion            |       |     1 |       ||     1
  Eat: Chunk             |       |     5 |     6 ||    11
Armor: Scale mail        |    49 |    89 |   118 ||   256
Dodge: Dodged            |    40 |    58 |    97 ||   195
Block: Shield            |    46 |    87 |   141 ||   274
